 Dungeon Crawl Stone Soup version 0.31-a0-237-g2d982f9f85 (webtiles) character file.

Game seed: 7215761654480810171

382 qw the Trooper (level 6, -3/57 HPs)
             Began as a Minotaur Hexslinger on July 10, 2023.
             Slain by a gnoll
             ... wielding a +0 club
              (5 damage)
             ... on level 3 of the Dungeon.
             The game lasted 00:01:10 (2819 turns).

qw the Trooper (Minotaur Hexslinger)                Turns: 2819, Time: 00:01:11

Health: -3/57      AC:  3    Str: 13    XL:     6   Next: 47%
Magic:  6/6        EV: 12    Int: 10    God:
Gold:   80         SH:  0    Dex: 14    Spells: 6/7 levels left

rFire   . . .        Y - +1 sling
rCold   . . .        (no shield)
rNeg    . . .        c - +0 robe
rPois   .            (helmet restricted)
rElec   .            (no cloak)
rCorr   .            (no gloves)
SInv    .            i - +0 pair of boots
Will    .....        (no amulet)
Stlth   +            (no ring)
HPRegen 0.29/turn    (no ring)
MPRegen 0.10/turn

%: no passive effects
@: no status effects
A: horns 2, retaliatory headbutt
a: no special abilities


You were on level 3 of the Dungeon.
You visited 1 branch of the dungeon, and saw 3 of its levels.

You collected 80 gold pieces.


Innate Abilities, Weirdness & Mutations

You have a pair of horns on your head.
You reflexively headbutt those who attack you in melee.


   Skills:
 - Level 5.7 Fighting
 + Level 5.5 Ranged Weapons
 - Level 2.1 Dodging
 - Level 1.0 Spellcasting
 - Level 2.0 Hexes


You had 6 spell levels left.
You knew the following spells:

 Your Spells              Type           Power      Damage    Failure   Level
a - Slow                  Hex            16%        N/A       16%         1

Your spell library contained the following spells:

 Spells                   Type           Power      Damage    Failure   Level
 Inner Flame              Hex/Fire       2%         N/A       56%         3
 Portal Projectile        Hex/Tloc       4%         N/A       56%         3
 Cause Fear               Hex            2%         N/A       83%         4

Inventory:

Hand Weapons
 Y - a +1 sling (weapon)
Armour
 a - a +0 ring mail
 c - a +0 robe (worn)
 i - a +0 pair of boots (worn)
Scrolls
 e - 2 scrolls of identify
Potions
 b - a potion of invisibility {unknown}
 f - a potion of curing
 g - a potion of lignification {unknown}
 j - a potion of ambrosia {unknown}

Dungeon Overview and Level Annotations

Branches:
Dungeon (3/15)

Altars:
Yredelemnul

Annotations:
D:1 1 transporter


Message History

The sling bullet closely misses the gnoll.
You shoot a sling bullet.
The sling bullet completely misses the gnoll.
You shoot a sling bullet.
The sling bullet closely misses the gnoll.
You shoot a sling bullet. The sling bullet hits the gnoll.
The gnoll is moderately wounded.
The gnoll closely misses you. You furiously retaliate!
You headbutt the gnoll, but do no damage.
You shoot a sling bullet. The sling bullet hits the gnoll.
The gnoll is moderately wounded.
The gnoll barely misses you. The gnoll closely misses you.
You shoot a sling bullet. The sling bullet hits the gnoll.
The gnoll is heavily wounded.
The gnoll hits you with a +0 flail. The gnoll hits you with a +0 flail!
You shoot a sling bullet. The sling bullet hits the gnoll.
The gnoll is heavily wounded.
The gnoll hits you with a +0 flail. x2
A dart slug comes into view.
You shoot a sling bullet.
The sling bullet barely misses the gnoll.
The gnoll misses you. x2; The gnoll barely misses you. x2
You shoot a sling bullet.
The sling bullet closely misses the gnoll.
The gnoll hits you with a +0 flail! x2
You shoot a sling bullet.
The sling bullet closely misses the gnoll.
The gnoll hits you with a +0 flail. x2
You shoot a sling bullet. The sling bullet hits the gnoll!
You kill the gnoll!
2816 ||| Stepping ~*~*~tactically~*~*~ (outnumbered).
You shoot a sling bullet. The sling bullet hits the gnoll.
The gnoll is heavily wounded.
You shoot a sling bullet.
The sling bullet closely misses the gnoll.
The gnoll hits you with a +0 flail. The gnoll hits you with a +0 club.
You shoot a sling bullet. The sling bullet hits the gnoll!
You kill the gnoll!
The gnoll hits you with a +0 club.
You die...

#.######...........# #.#.#
...%........######.##########.#.#
#.#.###.%##.# #.#..)%........#
.........##.# ###.#.###...###..#
..#.###..##.# #.%...#G#...#G#..#
....!....##.####.###.###...###..#
..#.###..........# #............#
..#.# #..##.####)##....(._..)...#
..#.# #.....# #@gr.............#
....####.##.# ###.#.###...###..#
...>.....##.# .#.#G#...
............# .#.###...
#.#########.# w# .####### #.# .#
..?..... .. .####### ## ......#


You could see a gnoll and a quokka.

Vanquished Creatures
  Grinder (D:3)
  Ijyb (D:3)
  5 adders
  3 gnolls
  A worm (D:2)
  2 dart slugs
  7 endoplasms
  3 giant cockroaches
  10 goblins
  5 hobgoblins (D:1)
  10 jackals
  2 quokkas
  5 ball pythons
  6 bats
  2 frilled lizards (D:2)
  7 kobolds
  14 rats
84 creatures vanquished.

Vanquished Creatures (others)
  A jackal (D:3)
1 creature vanquished.

Grand Total: 85 creatures vanquished

Notes
Turn   | Place    | Note
-------+----------+-------------------------------------------
     0 | D:1      | qw the Minotaur Hexslinger began the quest for the Orb.
     0 | D:1      | Reached XP level 1. HP: 16/16 MP: 1/1
     0 | D:1      | 0 ||| qw: Version: 0.3-a-52-g30416fa
     0 | D:1      | 0 ||| qw: Game counter: 5349
     0 | D:1      | 0 ||| qw: Melee chars always use a shield: true
     0 | D:1      | 0 ||| qw: God list: Okawaru
     0 | D:1      | 0 ||| qw: Allow faded altars: false
     0 | D:1      | 0 ||| qw: Do Orc after clearing Dungeon:15 true
     0 | D:1      | 0 ||| qw: Do second Lair branch before Depths: true
     0 | D:1      | 0 ||| qw: Lair rune preference: random
     0 | D:1      | 0 ||| qw: Goals: Normal
     0 | D:1      | 0 ||| PLANNING D:1-11
    88 | D:1      | Reached skill level 3 in Ranged Weapons
    88 | D:1      | Reached XP level 2. HP: 23/23 MP: 2/2
   167 | D:1      | HP: 4/24 [gnoll/+0 flail (10)]
   290 | D:1      | Reached XP level 3. HP: 26/30 MP: 3/3
  1092 | D:1      | 1092 ||| READING scroll labelled XINODAY ABIDES.
  1096 | D:1      | 1096 ||| READING 3 scrolls labelled QUEGOMP APPAOT.
  1097 | D:1      | 1097 ||| READING scroll labelled ERUOSYS DOUDOSEL.
  1098 | D:1      | 1098 ||| DRINKING 2 fizzy cyan potions.
  1099 | D:1      | 1099 ||| READING 2 scrolls of identify.
  1099 | D:1      | 1099 ||| IDENTIFYING amethyst potion
  1100 | D:1      | 1100 ||| DROPPING scroll of poison.
  1101 | D:1      | 1101 ||| DROPPING potion of magic.
  1198 | D:2      | Reached XP level 4. HP: 17/37 MP: 4/4
  1206 | D:2      | HP: 9/37 [kobold/+0 dagger (2)]
  1207 | D:2      | HP: 3/37 [kobold/+0 dagger (3)]
  1208 | D:2      | HP: 1/37 [frozen (2)]
  1290 | D:2      | 1290 ||| FLEEEEING.
  1406 | D:2      | Found a basalt altar of Yredelemnul.
  1436 | D:2      | 1436 ||| FLEEEEING.
  1441 | D:2      | 1441 ||| FLEEEEING.
  2254 | D:2      | 2254 ||| UPGRADING to +0 pair of boots.
  2259 | D:2      | 2259 ||| READING scroll labelled ICREFO BILU.
  2260 | D:2      | 2260 ||| READING scroll labelled VYUHIFIRUNN.
  2261 | D:2      | 2261 ||| DRINKING 3 puce potions.
  2262 | D:2      | 2262 ||| DRINKING 4 bubbling inky potions.
  2263 | D:2      | 2263 ||| DROPPING 2 potions of attraction.
  2297 | D:3      | 2297 ||| STAIRDANCE
  2411 | D:3      | Noticed Grinder
  2442 | D:3      | HP: 8/37 [Grinder (2)]
  2443 | D:3      | 2443 ||| DRINKING 3 potions of heal wounds.
  2455 | D:3      | HP: 4/37 [Grinder/nerve-wracking pain (6)]
  2456 | D:3      | 2456 ||| DRINKING 2 potions of heal wounds.
  2456 | D:3      | Paralysed by Grinder for 4 turns
  2461 | D:3      | Killed Grinder
  2462 | D:3      | Reached XP level 5. HP: 41/50 MP: 5/5
  2462 | D:3      | Reached XP level 6. HP: 46/57 MP: 6/6
  2588 | D:3      | Noticed a golden eye
  2596 | D:3      | Noticed a shining eye
  2597 | D:3      | Noticed Ijyb
  2605 | D:3      | 2605 ||| FLEEEEING.
  2618 | D:3      | HP: 12/57 [Ijyb/+0 club (3)]
  2618 | D:3      | Killed Ijyb
  2619 | D:3      | 2619 ||| DRINKING potion of heal wounds.
  2674 | D:3      | Found a faded altar of an unknown god.
  2676 | D:3      | Noticed a floating eye
  2814 | D:3      | HP: 14/57 [gnoll/+0 flail (4)]
  2816 | D:3      | 2816 ||| Stepping ~*~*~tactically~*~*~ (outnumbered).
  2818 | D:3      | HP: 2/57 [gnoll/+0 club (6)]
  2819 | D:3      | Slain by a gnoll

Levels and vault maps discovered:
D:1:      spicycebolla_arrival_risky_transporter, layout_basic,
          chequers_serial_rivers_micro_a
D:2:      layout_basic, basic_altar
D:3:      layout_loops_ring, hellmonk_ecumenical_altar_watching_god, uniq_ijyb,
          uniq_grinder

Skill      XL: |  1  2  3  4 |
---------------+-------------+-----
Ranged Weapons | 3 4 5 |  5.5
Fighting       | 2 5 |  5.7
Dodging        | |  2.1
Spellcasting   | |  1.0
Hexes          | |  2.0

Action                     |  1- 3 |  4- 6 || total
---------------------------+-------+-------++-------
   Fire: Sling             |    98 |   177 ||   275
    Use: Scroll            |     4 |     2 ||     6
         Potion            |     1 |     5 ||     6
 Armour: Robe              |    10 |    14 ||    24
  Dodge: Dodged            |    25 |    51 ||    76

Table legend:
 A = Non-vault XP
 B = Vault XP
 C = Vault XP percentage of total XP
 D = Non-vault monster count
 E = Vault monster count
 F = Vault count percentage of total count
                 A         B        C        D         E       F
            +---------+---------+-------+---------+---------+-------
      Total |     236 |     326 |  58.0 |      83 |       2 |   2.4
            +---------+---------+-------+---------+---------+-------
        D:1 |      75 |       0 |   0.0 |      38 |       0 |   0.0
        D:2 |      72 |       0 |   0.0 |      28 |       0 |   0.0
        D:3 |      89 |     326 |  78.6 |      17 |       2 |  10.5
            +---------+---------+-------+---------+---------+-------
